AoeStats
← villersb

Arabia

506363904Analyzed
2v2 RM · 19d ago on Sep 13, 2026· 20m 23s· 4 players
Game mode
Random Map
Map size
Medium (4 player)
Population
200
Speed
Normal
Resources
Standard
Victory
Conquest
Starting age
Dark Age
Ending age
Imperial Age
RankedLock teamsTeams togetherTeam positionsShared explorationLock speedFull tech treeHidden civsTurbo modeCheats
Victory
Defeat
🇧🇪 Franks · Belgium
1507
+16
🇧🇪 Ethiopians · Belgium
1499
+16
🇺🇸 Shu · United States
1504
-16
🇺🇸 Franks · United States
1503
-16
villersb
7:10 Loom
9:20 Feudal Age
9:56 Double-Bit Axe
14:59 Fletching
15:44 Padded Archer Armor
flem
6:34 Loom
9:36 Feudal Age
10:33 Double-Bit Axe
flem.Dieterkiller
5:13 Loom
6:53 Loom
9:17 Feudal Age
9:54 Double-Bit Axe
16:26 Scale Barding Armor
22:53 Castle Age
flem.TheLastBender
6:37 Loom
9:46 Feudal Age
10:21 Double-Bit Axe
14:15 Fletching
Connection lost

Rejoining the realm…

Still unreachable

The connection could not be restored.

Session expired

The server has moved on; the page needs a fresh start.